 Dungeon Crawl Stone Soup version 0.17-a0-2108-g65e8068 (webtiles) character file.

614 Morbidden the Cleaver (level 7, -6/57 HPs)
             Began as a Minotaur Fighter on Oct 18, 2015.
             Was an Initiate of Ashenzari.
             Mangled by an ogre
             ... wielding a cursed -3 giant club
              (25 damage)
             ... on level 5 of the Dungeon.
             The game lasted 00:13:14 (3602 turns).

Morbidden the Cleaver (Minotaur Fighter)            Turns: 3602, Time: 00:13:14

Health: -6/57      AC:  9    Str: 22    XL:     7   Next: 20%
Magic:  6/6        EV:  9    Int:  5    God:    Ashenzari [......]
Gold:   188        SH:  0    Dex: 10    Spells: 0 memorised, 6 levels left

rFire  + . .     SeeInvis .     a - +0 war axe (curse)
rCold  . . .     Clarity  .     b - +0 scale mail
rNeg   . . .     SustAt   .     (no shield)
rPois  .         Gourm    .     (helmet restricted)
rElec  .         Spirit   .     m - +0 cloak
rCorr  .         Warding  .     g - +0 pair of gloves
rMut   .         Stasis   .     (no boots)
MR     .....                    (no amulet)
Stlth  ..........               (no ring)
                                k - ring of protection from fire

@: not resistant to hostile enchantments, extremely unstealthy
A: retaliatory headbutt, horns 2
a: Renounce Religion


You were on level 5 of the Dungeon.
You worshipped Ashenzari.
Ashenzari was noncommittal.
You were hungry.

You visited 1 branch of the dungeon, and saw 5 of its levels.

You collected 188 gold pieces.

Inventory:

Hand Weapons
 a - a cursed +0 war axe (weapon)
Armour
 b - a +0 scale mail (worn)
 c - a +0 shield
 g - a +0 pair of gloves (worn)
 m - a +0 cloak (worn)
Jewellery
 k - a ring of protection from fire (left hand)
Wands
 o - a wand of fire (9)
Scrolls
 h - a scroll of teleportation {unknown}
 i - 3 scrolls of identify {unknown}
 j - 3 scrolls of curse jewellery
 l - a scroll of blinking {unknown}
 n - a scroll of amnesia {unknown}
 p - 5 scrolls of curse armour
 q - a scroll of random uselessness {unknown}
 r - a scroll of magic mapping {unknown}
 s - a scroll of recharging {unknown}
 w - a scroll of remove curse
 x - a scroll of noise {unknown}
Potions
 d - 2 potions of might
 f - 3 potions of degeneration {unknown}
 u - a potion of agility {unknown}
Comestibles
 e - 4 bread rations
 t - a meat ration
 v - 3 fruits


   Skills:
 - Level 3.6 Fighting
 * Level 9.6 Axes
 - Level 3.6 Armour
 - Level 3.6 Shields


You had 6 spell levels left.
You didn't know any spells.

Dungeon Overview and Level Annotations

Branches:
Dungeon (5/15)
 Temple: D:4-7

Altars:
Ashenzari


Innate Abilities, Weirdness & Mutations

You reflexively headbutt those who attack you in melee.
You have a pair of horns on your head.


Message History

The ogre is moderately wounded.
The ogre hits you with a giant club!!
You hit the ogre. You headbutt the ogre.
The ogre is heavily wounded.
The ogre hits you with a giant club!
You barely miss the ogre.
The ogre is heavily wounded.
The ogre closely misses you.
You hit the ogre. You headbutt the ogre.
The ogre is heavily wounded.
The ogre hits you with a giant club!!
* * * LOW HITPOINT WARNING * * *
You are too injured to fight recklessly!
The ogre completely misses you. The ogre closely misses you.
There is a stone staircase leading up here.
You are feeling hungry.
The ogre hits you but does no damage. The ogre hits you with a giant club!!
You die...

#......##.# #.#
#####..##.# #.#
#..##.# #.#
#..##.###.#########
#..#...##.#........
#...........#######
##.#...##.###
#.##.###.#
#########.##.#
#@#####
#....[.......#
#.O...#
..........####
#####.# ...########
#.# #..# #.# #..#
#.# #..# #.# #..#
#.# #..# #.#


You could see an ogre.

Vanquished Creatures
  The ghost of Ohli the Shield-Bearer, an amateur DsFi (D:4)
  An ogre (D:5)
  A scorpion (D:4)
  2 orc priests (D:4)
  An orc wizard (D:3)
  A hound skeleton (D:4)
  4 gnolls (D:5)
  4 adders
  2 worms
  4 giant geckos
  19 orcs
  4 giant cockroaches
  7 hobgoblins
  9 jackals
  2 quokkas (D:3)
  3 bats (D:1)
  A giant gecko zombie (D:5)
  4 giant newts
  10 goblins
  4 kobolds (D:2)
  6 rats
90 creatures vanquished.

Vanquished Creatures (others)
  An orc (D:5)
  A quokka (D:5)
2 creatures vanquished.

Grand Total: 92 creatures vanquished

Notes
Turn   | Place    | Note
--------------------------------------------------------------
     0 | D:1      | Morbidden the Minotaur Fighter began the quest for the Orb.
     0 | D:1      | Reached XP level 1. HP: 19/19 MP: 0/0
   162 | D:1      | Reached XP level 2. HP: 20/26 MP: 1/1
   684 | D:2      | Reached skill level 4 in Axes
   783 | D:2      | Reached XP level 3. HP: 28/31 MP: 2/2
   790 | D:2      | Found a shattered altar of Ashenzari.
  1105 | D:2      | Became a worshipper of Ashenzari the Shackled
  1232 | D:3      | Reached skill level 5 in Axes
  1232 | D:3      | Reached XP level 4. HP: 22/39 MP: 3/3
  1969 | D:4      | Reached skill level 6 in Axes
  1969 | D:4      | Reached XP level 5. HP: 21/45 MP: 4/4
  2010 | D:4      | Noticed Ohli's ghost (amateur DsFi)
  2133 | D:4      | Reached skill level 7 in Axes
  2524 | D:4      | Reached * piety under Ashenzari
  2851 | D:4      | Killed Ohli's ghost
  2851 | D:4      | Reached skill level 8 in Axes
  2851 | D:4      | Reached XP level 6. HP: 19/51 MP: 5/5
  2853 | D:4      | Reached skill level 9 in Axes
  2930 | D:5      | Entered Level 5 of the Dungeon
  3077 | D:5      | Reached XP level 7. HP: 24/57 MP: 6/6
  3602 | D:5      | Mangled by an ogre

Vault maps used:
D:1:      tarquinn_simple_flora_water_b
D:2:      nicolae_ashenzari_panopticon
D:3:      minmay_misc_feat_nine_boxes
D:5:      basic_altar, first_bread, elyvilon_altar_4

Action                   |  1- 3 |  4- 6 |  7- 9 || total
-------------------------+-------+-------+-------++-------
Melee: War axe           |    61 |    98 |    19 ||   178
  Use: Scroll            |       |     1 |       ||     1
       Potion            |       |     1 |       ||     1
 Stab: Distracted        |     1 |       |       ||     1
  Eat: Chunk             |       |     6 |     2 ||     8
